 Dungeon Crawl Stone Soup version 0.29.1-15-g9cfb28693d (webtiles) character file.

Game seed: 12175591099203255283

184 croobank the Conjurer (level 5, -6/38 HPs)
             Began as a Gnoll Conjurer on May 2, 2023.
             Was a Believer of Wu Jian.
             Mangled by Dowan
             ... wielding a +2 dagger of speed
              (7 damage)
             ... on level 4 of the Dungeon.
             The game lasted 00:20:56 (3339 turns).

croobank the Conjurer (Gnoll Conjurer)              Turns: 3339, Time: 00:20:57

Health: -6/38      AC:  3    Str:  7    XL:     5   Next: 63%
Magic:  7/12       EV: 13    Int: 19    God:    Wu Jian [**....]
Gold:   251        SH:  0    Dex: 10    Spells: 0/14 levels left

rFire   . . .      SeeInvis +   o - +2 hand axe (flame)
rCold   . . .      Faith    .   (no shield)
rNeg    . . .      Spirit   .   a - +0 robe
rPois   +          Reflect  .   w - +0 helmet
rElec   .          Harm     .   (no cloak)
rCorr   .          Rampage  .   (no gloves)
Will    .....                   (no boots)
Stlth   ++........              f - amulet of regeneration
HPRegen 0.92/turn               h - ring of poison resistance
MPRegen 0.13/turn               r - ring of see invisible

@: mighty
A: fangs 1, strong nose, distributed training
a: Renounce Religion, Wall Jump


You were on level 4 of the Dungeon.
You worshipped Wu Jian.
Wu Jian was pleased with you.
You visited 1 branch of the dungeon, and saw 4 of its levels.

You collected 251 gold pieces.

Inventory:

Hand Weapons
 c - a +0 hand axe
 d - a +0 spear
 e - a +0 dagger
 k - a +0 short sword
 m - a +0 sling
 o - a +2 hand axe of flaming (weapon)
 q - a +0 quarterstaff
 v - a +0 falchion
 z - a +0 rapier
Missiles
 s - 10 poisoned darts
 t - 5 curare-tipped darts
Armour
 a - a +0 robe (worn)
 g - a +1 leather armour
 w - a +0 helmet (worn)
 y - a +0 ring mail
Jewellery
 f - an amulet of regeneration (around neck)
 h - a ring of poison resistance (left hand)
 r - a ring of see invisible (right hand)
Wands
 n - a wand of iceblast (5)
Scrolls
 i - 4 scrolls of amnesia
 l - a scroll of vulnerability
Potions
 b - a potion of magic
 j - 2 potions of haste
 p - 4 potions of curing
 A - a potion of invisibility {unknown}


   Skills:
 + Level 1.6 Fighting
 + Level 1.6 Short Blades
 + Level 1.6 Long Blades
 + Level 1.6 Axes
 + Level 1.6 Maces & Flails
 + Level 1.6 Polearms
 + Level 1.6 Staves
 + Level 1.6 Ranged Weapons
 + Level 1.6 Throwing
 + Level 1.6 Armour
 + Level 4.8 Dodging
 + Level 4.5 Stealth
 + Level 1.6 Shields
 + Level 1.6 Unarmed Combat
 + Level 5.2 Spellcasting
 + Level 7.2 Conjurations
 + Level 1.3 Hexes
 + Level 1.3 Summonings
 + Level 1.3 Necromancy
 + Level 1.3 Translocations
 + Level 1.3 Transmutations
 + Level 1.3 Fire Magic
 + Level 1.3 Ice Magic
 + Level 1.3 Air Magic
 + Level 1.3 Earth Magic
 + Level 1.3 Poison Magic
 + Level 1.9 Invocations
 + Level 1.6 Evocations


You couldn't memorise any spells.
You knew the following spells:

 Your Spells              Type           Power      Damage    Failure   Level
a - Magic Dart            Conj           100%       1d8       1%          1
b - Searing Ray           Conj           64%        2d6       1%          2
c - Dazzling Flash        Conj/Hex       42%        N/A       6%          3
d - Iskenderun's Mystic   Conj/Tloc      21%        2d6       21%         4
e - Apportation           Tloc           20%        N/A       7%          1
f - Confusing Touch       Hex            10%        N/A       22%         3

Your spell library contained the following spells:

 Spells                   Type           Power      Damage    Failure   Level
 Slow                     Hex            40%        N/A       7%          1
 Fulminant Prism          Conj/Hex       10%        3d9       21%         4
 Vampiric Draining        Necr           10%        2d6       22%         3
 Alistair's Intoxication  Tmut/Pois      6%         N/A       89%         5


Dungeon Overview and Level Annotations

Branches:
Dungeon (4/15)             Temple (0/1) D:4

Altars:
Elyvilon
Gozag
Ru
Vehumet
Wu Jian

Shops:
D:4 *

Annotations:
D:4 Dowan


Innate Abilities, Weirdness & Mutations

You have very sharp teeth.
Your uncanny sense of smell can sniff out nearby items.
Your experience applies equally to all skills.


Message History

The mystic blast hits Dowan.
Dowan is severely wounded.
Dowan is knocked back by the mystic blast.
Dowan slams into the rock wall!
Dowan is severely wounded.
Duvessa hits you with a +0 short sword.
* * * LOW HITPOINT WARNING * * *
Okay, then.
Okay, then.
Aiming: Wall Jump
Press: ? - help, Dir - move target You attack Duvessa from above.
You hit Duvessa. You burn Duvessa.
Duvessa is heavily wounded.
Duvessa closely misses you.
Dowan drinks a potion.
Dowan is healed!
Duvessa drinks a potion.
Duvessa is healed!
Dowan casts a spell at you. The puff of frost misses you.
Aiming: Wall Jump
Press: ? - help, Dir - move target You repeatedly attack Duvessa from above.
You slash Duvessa! You burn Duvessa.
Duvessa is heavily wounded.
You closely miss Duvessa.
Duvessa is heavily wounded.
Duvessa closely misses you.
Dowan points at you and mumbles some strange words.
The puff of frost misses you. Duvessa closely misses you.
Aiming: Wall Jump
Press: ? - help, Dir - move target You attack Duvessa from above.
You slash Duvessa! You burn Duvessa. You bite Duvessa.
You kill Duvessa!
The Council accepts your kill.
Dowan screams, "No!
Oh no!"
Dowan seems to find hidden reserves of power!
Dowan hits you with a +2 dagger of speed!
* * * LOW HITPOINT WARNING * * *
Dowan completely misses you.
Dowan hits you with a +2 dagger of speed!
You die...

. #.#.#.###... ###.###
#.#.....≈≈≈≈ #..
....#.#..≈≈≈≈... #..
.........≈....⌠. #.#
.####.#...._...∩ #°# .#
#.#..≈....⌠.
#.##.####.#..≈≈≈≈...
#######>○○○...........≈≈≈≈
#.......e@○.....#.#.#.####
#.###############.#.#.#
#.#..........<....#.#.####
#.#.########.####.#.......
#.#.##..............#.##..
#.#...........##....#.##..
#.####..............#.##..
#...................#.....
###############....##.....


You could see Dowan (fast).

Vanquished Creatures
  Duvessa (D:4)
  2 hounds (D:4)
  Robin (D:4)
  An adder (D:4)
  A worm (D:2)
  3 dart slugs
  9 endoplasms
  3 giant cockroaches
  13 goblins
  12 hobgoblins
  7 jackals (D:1)
  4 quokkas
  10 ball pythons
  8 bats
  5 frilled lizards
  5 kobolds
  5 rats
90 creatures vanquished.

Vanquished Creatures (others)
  11 plants (D:1)
11 creatures vanquished.

Grand Total: 101 creatures vanquished

Notes
Turn   | Place    | Note
-------+----------+-------------------------------------------
     0 | D:1      | croobank the Gnoll Conjurer began the quest for the Orb.
     0 | D:1      | Reached XP level 1. HP: 13/13 MP: 6/6
   101 | D:1      | Reached XP level 2. HP: 19/19 MP: 1/7
   104 | D:1      | Learned a level 2 spell: Searing Ray
   493 | D:1      | Reached skill level 5 in Spellcasting
   493 | D:1      | Reached XP level 3. HP: 25/25 MP: 4/9
   497 | D:1      | Learned a level 3 spell: Dazzling Flash
   790 | D:1      | Reached skill level 1 in Invocations
  1039 | D:1      | Found a faded altar of an unknown god.
  1063 | D:1      | Prayed at the altar of an unknown god.
  1063 | D:1      | Became a worshipper of the Wu Jian Council
  1063 | D:1      | Reached * piety under Wu Jian
  1273 | D:2      | Reached skill level 1 in Fighting
  1273 | D:2      | Reached skill level 1 in Short Blades
  1273 | D:2      | Reached skill level 1 in Long Blades
  1273 | D:2      | Reached skill level 1 in Axes
  1273 | D:2      | Reached skill level 1 in Maces & Flails
  1273 | D:2      | Reached skill level 1 in Polearms
  1273 | D:2      | Reached skill level 1 in Staves
  1273 | D:2      | Reached skill level 1 in Ranged Weapons
  1273 | D:2      | Reached skill level 1 in Throwing
  1273 | D:2      | Reached skill level 1 in Armour
  1273 | D:2      | Reached skill level 1 in Shields
  1273 | D:2      | Reached skill level 1 in Unarmed Combat
  1273 | D:2      | Reached skill level 1 in Evocations
  1541 | D:2      | Reached XP level 4. HP: 25/32 MP: 3/11
  2083 | D:3      | Learned a level 1 spell: Apportation
  2088 | D:3      | Learned a level 4 spell: Iskenderun's Mystic Blast
  2198 | D:3      | Found a sacrificial altar of Ru.
  2199 | D:3      | Found a white marble altar of Elyvilon.
  2199 | D:3      | Found an ornate altar of the Wu Jian Council.
  2503 | D:3      | Found a radiant altar of Vehumet.
  2726 | D:3      | Reached ** piety under Wu Jian
  2727 | D:3      | Reached skill level 1 in Hexes
  2727 | D:3      | Reached skill level 1 in Summonings
  2727 | D:3      | Reached skill level 1 in Necromancy
  2727 | D:3      | Reached skill level 1 in Translocations
  2727 | D:3      | Reached skill level 1 in Transmutations
  2727 | D:3      | Reached skill level 1 in Fire Magic
  2727 | D:3      | Reached skill level 1 in Ice Magic
  2727 | D:3      | Reached skill level 1 in Air Magic
  2727 | D:3      | Reached skill level 1 in Earth Magic
  2727 | D:3      | Reached skill level 1 in Poison Magic
  2903 | D:4      | Found Gozag's Platinum Reserve.
  2904 | D:4      | Found an opulent altar of Gozag.
  2958 | D:4      | Noticed Robin
  2971 | D:4      | Killed Robin
  2972 | D:4      | Reached XP level 5. HP: 28/37 MP: 5/12
  3295 | D:4      | Noticed Duvessa
  3295 | D:4      | Noticed Dowan
  3301 | D:4      | Learned a level 3 spell: Confusing Touch
  3328 | D:4      | Found a staircase to the Ecumenical Temple.
  3339 | D:4      | Killed Duvessa
  3339 | D:4      | HP: 1/38 [Dowan/+2 dagger of speed (7)]
  3339 | D:4      | Mangled by Dowan

Illustrated notes

Levels and vault maps discovered:
D:1:      scummos_arrival_star, layout_basic, serial_bayou, serial_bayou_pond_a,
          serial_bayou_pond_b, serial_bayou_crossing, serial_bayou_ford_a,
          dreamdust_ecumenical_altar_grove, minmay_misc_feat_rows
D:2:      layout_basic
D:3:      layout_basic, chequers_temple_overflow_statue_of_worship,
          lemuel_coloured_pillars_altar, serial_glass, glass_columns_a,
          glass_columns_c, amethyst_killhole, minmay_goblin_outpost
D:4:      layout_basic, nicolae_gozag_zags_fifth_avenue,
          minmay_temple_entry_nine_rooms, uniq_robin, uniq_duvessa

Skill      XL: |  1  2  3  4 |
---------------+-------------+-----
Spellcasting   | 5 |  5.2
Invocations    | 1 |  1.9
Fighting       | 1 |  1.6
Short Blades   | 1 |  1.6
Long Blades    | 1 |  1.6
Axes           | 1 |  1.6
Maces & Flails | 1 |  1.6
Polearms       | 1 |  1.6
Staves         | 1 |  1.6
Ranged Weapons | 1 |  1.6
Throwing       | 1 |  1.6
Armour         | 1 |  1.6
Shields        | 1 |  1.6
Unarmed Combat | 1 |  1.6
Evocations     | 1 |  1.6
Hexes          | 1 |  1.3
Summonings     | 1 |  1.3
Necromancy     | 1 |  1.3
Translocations | 1 |  1.3
Transmutations | 1 |  1.3
Fire Magic     | 1 |  1.3
Ice Magic      | 1 |  1.3
Air Magic      | 1 |  1.3
Earth Magic    | 1 |  1.3
Poison Magic   | 1 |  1.3
Dodging        | |  4.8
Stealth        | |  4.5
Conjurations   | |  7.2

Action                   |  1- 3 |  4- 6 || total
-------------------------+-------+-------++-------
Melee: Dagger            |    28 |       ||    28
       Bite              |     4 |     6 ||    10
       Hand axe          |     9 |    83 ||    92
       Punch             |       |     1 ||     1
 Fire: Sling             |     2 |       ||     2
 Cast: Magic Dart        |    32 |     5 ||    37
       Searing Ray       |    13 |     3 ||    16
       Dazzling Flash    |     4 |       ||     4
       Iskenderun's Myst |       |     3 ||     3
       Confusing Touch   |       |     1 ||     1
Invok: Lunge             |     1 |     4 ||     5
       Whirlwind         |     1 |     1 ||     2
 Abil: Wall Jump         |       |     3 ||     3
  Use: Scroll            |       |    11 ||    11
       Potion            |       |     2 ||     2
 Stab: Sleeping          |     2 |     6 ||     8
Armor: Robe              |     7 |    12 ||    19
Dodge: Dodged            |    44 |    76 ||   120
